 Dungeon Crawl Stone Soup version 0.21-a0-630-g344d351 (webtiles) character file.

16847 4thArraOfDagon the Carver (level 12, 0/113 HPs)
             Began as a Hill Orc Enchanter on Dec 26, 2017.
             Was a Follower of Wu Jian.
             Killed from afar by a raiju (22 damage)
             ... with a living lightning
             ... on level 2 of the Abyss.
             The game lasted 00:31:07 (5279 turns).

4thArraOfDagon the Carver (Hill Orc Enchanter)      Turns: 5279, Time: 00:31:07

Health: 0/113      AC: 23    Str: 20 (21) XL:     12   Next: 41%
Magic:  11/11      EV: 14    Int: 16 (17) God:    Wu Jian [*.....]
Gold:   235        SH:  0    Dex:  7      Spells: 10/14 levels left

rFire    . . .     SeeInvis .   R - +3 triple sword (vamp)
rCold    . . .     Gourm    .   (shield currently unavailable)
rNeg     + . .     Faith    .   I - +8 plate armour of the Thirteen Places {+Blink Regen+ Str+2 Int+2}
rPois    +         Spirit   .   A - +0 helmet
rElec    .         Reflect  .   H - +0 cloak
rCorr    .         Harm     .   (no gloves)
MR       .....                  y - +0 pair of boots of Analysis {rPois Str+6}
Stlth    ..........             (no amulet)
HPRegen  0.68/turn              N - ring of protection from fire
MPRegen  0.12/turn              o - ring "Geobb" {+Fly rF- rN+ EV+5 Stlth+}

@: mighty
A: repulsion field 1, icy blue scales 1, [clumsy 2], [deformed body],
[deterioration 2], dopey 1[+1], [low mp 2], [weak 2], no potion heal 1[+2],
subdued magic 1, [MP-powered wands]
a: Renounce Religion, Evoke Blink, Evoke Flight


You were on level 2 of the Abyss.
You worshipped Wu Jian.
Wu Jian was aware of your devotion.
You were not hungry.

You visited 1 branch of the dungeon, and saw 12 of its levels.
You visited the Abyss 1 time.
You also visited: Labyrinth and Trove.

You collected 371 gold pieces.
You spent 136 gold pieces at shops.

Inventory:

Hand Weapons
 a - a +2 dagger
 e - a +2 scimitar of electrocution
 l - a +0 hand axe
 C - the +5 dagger "Como" {drain, Str+9}
   (You took it off an orc wizard on level 4 of the Dungeon)

   A truly terrible weapon, it drains the life of those it strikes.
   It affects your strength (+9).
 P - a +2 demon blade of venom
 Q - the +0 battleaxe of Mutilation {chop, rF++ rC- Stlth+}
   (You found it in a treasure trove)

   It inflicts extra damage upon your enemies.
   It greatly protects you from fire.
   It makes you vulnerable to cold.
   It makes you more stealthy.
 R - a +3 vampiric triple sword (weapon)
 S - a +1 triple sword of distortion
 T - the +3 quick blade "Fozud" {pierce, Str+4 Int+4 SInv}
   (You found it in a treasure trove)

   It inflicts extra damage upon your enemies.
   It affects your strength (+4).
   It affects your intelligence (+4).
   It lets you see invisible.
 U - a +2 triple sword of protection
 V - a +1 double sword of slicing
Armour
 b - a +0 robe
 g - a +0 scale mail
 i - a +2 chain mail of cold resistance
 u - a +1 pair of boots
 y - the +0 pair of boots of Analysis (worn) {rPois Str+6}
   (You found it on level 11 of the Dungeon)

   It affects your strength (+6).
   It protects you from poison.
 A - a +0 helmet (worn)
 G - a +2 chain mail of cold resistance
 H - a +0 cloak (worn)
 I - the +8 plate armour of the Thirteen Places (worn) {+Blink Regen+ Str+2 Int+2}
   (You found it on level 9 of the Dungeon)

   It affects your strength (+2).
   It affects your intelligence (+2).
   It lets you blink.
   It increases your rate of regeneration.
Magical Staves
 B - an uncursed staff of death
Jewellery
 k - a +4 ring of protection
 o - the ring "Geobb" (right hand) {+Fly rF- rN+ EV+5 Stlth+}
   (You took it off a minotaur in a labyrinth)

   [ring of evasion]

   It affects your evasion (+5).
   It makes you vulnerable to fire.
   It protects you from negative energy.
   It lets you fly.
   It makes you more stealthy.
 x - an uncursed ring of wizardry
 E - an uncursed ring of fire
 K - an uncursed ring of protection from cold
 N - a ring of protection from fire (left hand)
 O - an uncursed ring of wizardry
Wands
 D - a wand of digging (12)
 M - a wand of random effects (36)
Scrolls
 h - 2 scrolls of enchant armour
 j - 4 scrolls of remove curse
 v - 2 scrolls of amnesia
 w - a scroll of fog
 z - a scroll of noise
Potions
 f - a potion of curing
 m - a potion of mutation
 p - 7 potions of flight
 t - a potion of cancellation
Books
 c - a book of Maledictions

   Spells                             Type                      Level
   a - Corona                         Hexes                        1
   b - Ensorcelled Hibernation        Hexes/Ice                    2
   c - Confuse                        Hexes                        3
   d - Tukima's Dance                 Hexes                        3
   e - Dazzling Spray                 Conjuration/Hexes            3
 F - a book of Minor Magic

   Spells                             Type                      Level
   a - Magic Dart                     Conjuration                  1
   b - Blink                          Translocation                2
   c - Call Imp                       Summoning                    2
   d - Slow                           Hexes                        2
   e - Conjure Flame                  Conjuration/Fire             3
   f - Mephitic Cloud                 Conjuration/Poison/Air       3
Comestibles
 d - 12 rations


   Skills:
 + Level 12.9 Fighting
 - Level 2.0(9.1) Short Blades
 * Level 14.4(14.5) Long Blades
 - Level 2.2 Axes
 + Level 9.6 Armour
 - Level 1.5 Dodging
 - Level 2.4 Stealth
 - Level 1.5 Spellcasting
 - Level 3.0 Hexes


You had 10 spell levels left.
You knew the following spells:

 Your Spells              Type           Power        Failure   Level  Hunger
a - Corona                Hex            #......      71%         1    ##.....
b - Ensorcelled Hibernat  Hex/Ice        #.....       96%         2    ###....
c - Apportation           Tloc           #.....       98%         1    ##.....


Dungeon Overview and Level Annotations

Branches:
Dungeon (12/15)               Orc (0/2) D:11
 Temple: D:4-7         Lair: D:8-11

Altars:
Gozag
Wu Jian

Shops:
D:6 ?   D:8 *

Annotations:
D:12 Kirke


Innate Abilities, Weirdness & Mutations

You are surrounded by a mild repulsion field. (EV +2)
You are partially covered in icy blue scales. (AC +2)
Your spells are a little easier to cast, but a little less powerful.
[You are very clumsy. (Dex -4)]
[Armour fits poorly on your strangely shaped body.]
[Your body often deteriorates upon taking damage.]
[You are very dopey. (Int -4)]
[Your magical capacity is very low. (-20% MP)]
[You are very weak. (Str -4)]
[Potions cannot restore your health.]
[You expend magic power (3 MP) to strengthen your wands.]


Message History

You destroy the wretched star!
The Council accepts your kill.
Unknown command.
Unknown command.
Unknown command.
Unknown command.
Unknown command.
Unknown command.
Unknown command.
Unknown command.
A raiju comes into view.
The raiju barks!
You hear a bark!
Unknown command.
You have no ailments to cure.
Evoke which item? (* to show all) (? for menu, Esc to quit)
Okay, then.
Unknown command.
The raiju bursts into living lightning!
The living lightning hits you!
You die...

# # ## # # .## ###.#
#.## ###
#...####..###.## .#
##..#...#.Z#.#.. #
..........##. #.## # #
.#..##@####.#..#### .
.# #....# ###......# #
.#..§.###.##..#.. . #
..#..#.#...#.#.##.# #
.## #..h. .#.#§...#
...##.....#..#..#.#..#
..# ..#.#.####.#.# ##
..#.##.. . #.#.. # # .
. .#.#.....#


You could see a raiju and a titan zombie.

Vanquished Creatures
  A lorocyproca (Abyss:2)
  A minotaur (Lab)
  2 two-headed ogres
  Urug (D:11)
  A sun demon (Abyss:2)
  A wretched star (Abyss:2)
  An ugly thing (D:11)
  A worldbinder (Abyss:2)
  An apocalypse crab (Abyss:2)
  Maurice (D:8)
  Psyche (D:12)
  An orange demon (Abyss:2)
  A tormentor (Abyss:2)
  A queen bee (D:10)
  4 trolls
  A hippogriff (D:11)
  A wyvern (D:11)
  5 yaks (D:9)
  A hog (D:12)
  A hungry ghost (D:12)
  2 neqoxecs (Abyss:2)
  A wraith (Abyss:2)
  6 large abominations (Abyss:2)
  A black bear (D:6)
  A black bear (shapeshifter) (Abyss:2)
  6 orc warriors
  4 phantoms
  2 wolves (D:9)
  A centaur (D:11)
  5 ogres
  3 small abominations (Abyss:2)
  A crocodile (D:10)
  A big kobold (D:12)
  Blork the orc (D:6)
  A wyvern zombie (D:11)
  A gnoll sergeant (D:8)
  A wyvern skeleton (D:7)
  5 scorpions
  A water moccasin skeleton (D:8)
  27 killer bees
  5 wights (D:7)
  3 howler monkeys
  4 crimson imps
  A centaur zombie (D:7)
  3 quasits
  2 bullfrog zombies
  4 hounds
  11 orc priests
  A jelly (D:10)
  2 bullfrog skeletons
  4 iguanas
  2 centaur skeletons
  9 orc wizards
  8 worker ants
  A hound zombie (D:7)
  A hound skeleton (D:8)
  2 worker ant zombies
  5 gnolls (D:8)
  8 adders
  4 shadow imps
  2 white imps (Abyss:2)
  An adder skeleton (D:6)
  2 dart slugs (D:1)
  2 leopard geckos (D:1)
  47 orcs
  A bat (D:2)
  2 giant cockroaches
  2 goblins
  4 hobgoblins
  4 jackals (D:6)
  8 quokkas
  A ball python (D:6)
  2 frilled lizards (D:1)
  3 kobolds
  A quokka zombie (D:7)
  2 rats
263 creatures vanquished.

Notes
Turn   | Place    | Note
-------+----------+-------------------------------------------
     0 | D:1      | 4thArraOfDagon the Hill Orc Enchanter began the quest for the Orb.
     0 | D:1      | Reached XP level 1. HP: 14/14 MP: 3/3
    16 | D:1      | Reached XP level 2. HP: 9/20 MP: 1/4
    27 | D:1      | Learned a level 2 spell: Ensorcelled Hibernation
   145 | D:1      | You fall through a shaft!
   150 | D:2      | Reached skill level 1 in Fighting
   545 | D:4      | Reached XP level 3. HP: 29/29 MP: 5/5
   609 | D:5      | Entered Level 5 of the Dungeon
   685 | D:6      | Noticed an orc warrior
   740 | D:6      | Found an ornate altar of the Wu Jian Council.
   768 | D:6      | Became a worshipper of the Wu Jian Council
   826 | D:6      | Reached XP level 4. HP: 24/37 MP: 0/6
   871 | D:6      | Noticed an ogre
   872 | D:6      | Noticed Blork the orc
   960 | D:6      | Killed an orc warrior
   960 | D:6      | Reached skill level 5 in Fighting
   960 | D:6      | Reached XP level 5. HP: 48/48 MP: 0/7
  1001 | D:6      | Killed an ogre
  1001 | D:6      | Reached XP level 6. HP: 58/58 MP: 4/8
  1026 | D:6      | Gained mutation: [You are dopey. (Int -2)] [potion of mutation]
  1026 | D:6      | Gained mutation: You are surrounded by a mild repulsion field. (EV +2) [potion of mutation]
  1026 | D:6      | Gained mutation: You are partially covered in icy blue scales. (AC +2) [potion of mutation]
  1143 | D:6      | Killed Blork the orc
  1143 | D:6      | Reached skill level 1 in Long Blades
  1199 | D:6      | Found Sunischo's Magic Scroll Boutique.
  1207 | D:6      | Bought a scroll of fog for 28 gold pieces
  1207 | D:6      | Bought a scroll of teleportation for 42 gold pieces
  1207 | D:6      | Bought a scroll of random uselessness for 14 gold pieces
  1207 | D:6      | Bought a scroll of noise for 14 gold pieces
  1211 | D:6      | Noticed a black bear
  1222 | D:6      | Killed a black bear
  1222 | D:6      | Reached skill level 2 in Long Blades
  1222 | D:6      | Reached XP level 7. HP: 27/64 MP: 9/9
  1303 | D:5      | Reached skill level 3 in Long Blades
  1417 | D:4      | Reached skill level 4 in Long Blades
  1651 | D:4      | Reached * piety under Wu Jian
  1668 | D:4      | Learned a level 1 spell: Apportation
  1709 | D:4      | Reached skill level 5 in Long Blades
  1765 | D:4      | Reached XP level 8. HP: 68/74 MP: 10/10
  1792 | D:4      | Got a transparent dagger {drain}
  1805 | D:4      | Identified the +5 dagger "Como" {drain, Str+9} (You took it off an orc wizard on level 4 of the Dungeon)
  1958 | D:7      | Reached skill level 6 in Long Blades
  2126 | D:7      | Reached skill level 1 in Armour
  2144 | D:7      | Reached skill level 7 in Long Blades
  2216 | D:7      | Reached XP level 9. HP: 44/82 MP: 11/11
  2243 | D:7      | Reached ** piety under Wu Jian
  2320 | D:7      | Reached skill level 8 in Long Blades
  2430 | D:8      | Found Syrchodwe's Assorted Antiques.
  2438 | D:8      | Bought a scroll labeled TIPROESTREV for 20 gold pieces
  2438 | D:8      | Bought a fizzy brown potion for 18 gold pieces
  2478 | D:8      | Noticed Maurice
  2511 | D:8      | Killed Maurice
  2511 | D:8      | Reached skill level 9 in Long Blades
  2768 | D:9      | Noticed a troll
  2850 | D:9      | Noticed a troll
  2960 | D:8      | Killed a troll
  2960 | D:8      | Reached skill level 10 in Fighting
  2960 | D:8      | Reached skill level 10 in Long Blades
  2960 | D:8      | Reached skill level 5 in Armour
  2960 | D:8      | Reached XP level 10. HP: 80/93 MP: 12/12
  3015 | D:9      | Got a blackened plate armour
  3027 | D:9      | Identified the +8 plate armour of the Thirteen Places {+Blink Regen+ Str+2 Int+2} (You found it on level 9 of the Dungeon)
  3125 | D:9      | Reached *** piety under Wu Jian
  3284 | D:9      | Found an opulent altar of Gozag.
  3381 | D:10     | Entered Level 10 of the Dungeon
  3384 | D:10     | Reached skill level 11 in Long Blades
  3649 | D:10     | Reached **** piety under Wu Jian
  3888 | D:11     | Noticed a purple ugly thing
  3897 | D:11     | Reached XP level 11. HP: 64/102 MP: 13/13
  3904 | D:11     | Killed a red ugly thing
  3904 | D:11     | Reached skill level 12 in Long Blades
  4060 | D:11     | Noticed a two-headed ogre
  4063 | D:11     | Found a labyrinth entrance.
  4068 | D:11     | Killed a two-headed ogre
  4081 | Lab      | Entered a labyrinth
  4251 | Lab      | Noticed a minotaur
  4285 | Lab      | Killed a minotaur
  4287 | Lab      | Got a sparkling jade ring
  4323 | Lab      | Identified the ring "Geobb" {+Fly rF- rN+ EV+5 Stlth+} (You took it off a minotaur in a labyrinth)
  4404 | D:11     | Found a staircase to the Orcish Mines.
  4411 | D:11     | Noticed Urug
  4416 | D:11     | Reached ***** piety under Wu Jian
  4428 | D:11     | Killed Urug
  4428 | D:11     | Reached skill level 13 in Long Blades
  4616 | D:12     | Noticed Psyche
  4624 | D:12     | Killed Psyche
  4629 | D:12     | Noticed a two-headed ogre
  4641 | D:12     | Killed a two-headed ogre
  4666 | D:12     | Noticed Kirke
  4832 | D:11     | Got a pair of ichor-stained boots
  4845 | D:11     | Identified the cursed +0 pair of boots of Analysis {rPois Str+6} (You found it on level 11 of the Dungeon)
  4852 | D:11     | Found a portal to a secret trove of treasure.
  4865 | Trove    | Entered a treasure trove
  4872 | Trove    | Got a fine battleaxe
  4880 | Trove    | Got an iridescent quick blade
  4887 | Trove    | Identified the cursed +0 battleaxe of Mutilation {chop, rF++ rC- Stlth+} (You found it in a treasure trove)
  4889 | Trove    | Identified the +3 quick blade "Fozud" {pierce, Str+4 Int+4 SInv} (You found it in a treasure trove)
  4894 | Trove    | Cast into level 2 of the Abyss (a distortion unwield)
  4903 | Abyss:2  | Found a shadowy altar of Dithmenos.
  4979 | Abyss:2  | Noticed a sun demon
  4987 | Abyss:2  | Noticed a large abomination
  4988 | Abyss:2  | Killed a sun demon
  4991 | Abyss:2  | Reached XP level 12. HP: 86/113 MP: 14/14
  5023 | Abyss:2  | Found a basalt altar of Yredelemnul.
  5046 | Abyss:2  | Noticed a starcursed mass
  5084 | Abyss:2  | Reached skill level 14 in Long Blades
  5180 | Abyss:2  | Gained mutation: [Potions are less effective at restoring your health.] [a neqoxec]
  5181 | Abyss:2  | Gained mutation: Your spells are a little easier to cast, but a little less powerful. [a neqoxec]
  5204 | Abyss:2  | Killed a lorocyproca
  5238 | Abyss:2  | Noticed a wretched star
  5271 | Abyss:2  | Killed a wretched star
  5279 | Abyss:2  | Killed from afar by a raiju

Vault maps used:
D:1:      dpeg_arrival_court
D:2:      cheibrodos_old_hovel, first_ration, chequers_ecumenical_altar_grove,
          minmay_door_square
D:3:      overflow_temple_1_default, uniq_jessica, uniq_sigmund
D:5:      chequers_temple_overflow_statue_of_worship,
          minmay_temple_entry_overgrown, hangedman_abyss_or_decor_lesser_grid
D:6:      lemuel_doored_altar, serial_shops, shop, uniq_blork_the_orc
D:7:      guppyfry_early_elven_hall
D:8:      ashenzari_altar_1, serial_shops, kennysheep_mini, uniq_maurice
D:9:      lemuel_round_altar, erik_lair_island
D:10:     david_nohive_1
D:11:     erik_orc_4, nicolae_trove_entry_crystal, lab_entry_generic,
          hangedman_abyss_or_decor_stagger, st_stairs_10, uniq_urug
D:12:     stair_cage_cross, minmay_more_statues, uniq_nergalle, uniq_kirke,
          uniq_psyche
Abyss:2:  hangedman_steaming_rock
Lab:      labyrinth_spiral, nicolae_lab_garden, nicolae_lab_plus,
          nicolae_lab_arrow, nicolae_lab_do_over, labyrinth_skeletal_remains,
          lab_block, nicolae_lab_x, labyrinth_fake_exit
Trove:    trove_weapon_2

Skill      XL: |  1  2  3  4  5  6  7  8  9 10 11 12 |
---------------+-------------------------------------+-----
Short Blades   | 2 |  2.0
Fighting       | 2 5 6 7 8 10 11 12 | 12.9
Axes           | 2 |  2.2
Long Blades    | 2 5 7 10 11 13 14 | 14.4
Armour         | 2 5 7 8 9 |  9.6
Dodging        | |  1.5
Stealth        | |  2.4
Spellcasting   | |  1.5
Hexes          | |  3.0

Action                   |  1- 3 |  4- 6 |  7- 9 | 10-12 || total
-------------------------+-------+-------+-------+-------++-------
Melee: Dagger            |    59 |    32 |       |       ||    91
       Scimitar          |       |    28 |   325 |   443 ||   796
       Unarmed           |       |       |       |    62 ||    62
       Triple sword      |       |       |       |   113 ||   113
 Cast: Corona            |     2 |       |       |       ||     2
       Ensorcelled Hiber |    12 |     4 |       |       ||    16
Invok: Lunge             |       |     1 |    12 |    25 ||    38
       Whirlwind         |       |       |    80 |   109 ||   189
       Wall jump         |       |       |     1 |     4 ||     5
       Heavenly Storm    |       |       |       |     1 ||     1
 Abil: Evoke Blink       |       |       |       |     1 ||     1
  Use: Scroll            |     6 |     1 |     4 |    13 ||    24
       Potion            |       |     4 |     1 |    15 ||    20
 Stab: Sleeping          |    15 |     2 |       |     1 ||    18
       Invisible         |       |       |       |     7 ||     7
  Eat: Chunk             |       |     3 |     6 |     6 ||    15
       Ration            |       |       |       |     4 ||     4
Armor: Robe              |    11 |    10 |       |       ||    21
       Skin              |       |    37 |       |       ||    37
       Chain mail        |       |       |   230 |    11 ||   241
       Plate armour      |       |       |       |   323 ||   323
Dodge: Dodged            |    37 |    39 |   116 |   241 ||   433
       Rpst.: Scimitar   |       |     7 |    39 |    36 ||    82
       Triple sword      |       |       |       |    12 ||    12

Table legend:
 A = Spawn XP
 B = Non-spawn XP
 C = Spawn XP percentage of total XP
 D = Spawn monster count
 E = Non-spawn monster count
 F = Spawn count percentage of total count
 G = Total turns spent on level
                    A         B        C        D         E        F      G
               +---------+---------+-------+---------+---------+-------+---------
         Total |    4177 |   19891 |  17.4 |      12 |     251 |   4.6 |  5279
               +---------+---------+-------+---------+---------+-------+---------
           D:1 |       0 |      21 |   0.0 |       0 |      10 |   0.0 |   189
           D:2 |       0 |      12 |   0.0 |       0 |       7 |   0.0 |   246
           D:4 |       0 |     539 |   0.0 |       0 |      25 |   0.0 |   432
           D:5 |       0 |      58 |   0.0 |       0 |       4 |   0.0 |   294
           D:6 |       0 |     615 |   0.0 |       0 |      19 |   0.0 |   678
           D:7 |       0 |    1588 |   0.0 |       0 |      33 |   0.0 |   456
           D:8 |       0 |    1171 |   0.0 |       0 |      15 |   0.0 |   439
           D:9 |       0 |    2765 |   0.0 |       0 |      37 |   0.0 |   585
          D:10 |       0 |    2765 |   0.0 |       0 |      44 |   0.0 |   546
          D:11 |       0 |    4354 |   0.0 |       0 |      38 |   0.0 |   582
          D:12 |       0 |    1886 |   0.0 |       0 |       6 |   0.0 |    76
       Abyss:2 |    4177 |    3046 |  57.8 |      12 |      12 |  50.0 |   385
           Lab |       0 |    1071 |   0.0 |       0 |       1 |   0.0 |   251
               +---------+---------+-------+---------+---------+-------+---------
